 Dungeon Crawl Stone Soup version 0.26-a0-682-g294304f6e8 (webtiles) character file.

Game seed: 1374831289416114490

(classic levelgen) 4 EnegeticOcto the Digger (level 1, -3/11 HPs)
             Began as a Halfling Earth Elementalist on Oct 20, 2020.
             Slain by a gnoll (4 damage)
             ... on level 1 of the Dungeon.
             The game lasted 00:00:53 (170 turns).

EnegeticOcto the Digger (HaEE)                       Turns: 170, Time: 00:00:54

Health: -3/11      AC:  2    Str:  9    XL:     1   Next: 77%
Magic:  0/3        EV: 15    Int: 13    God:
Gold:   48         SH:  0    Dex: 14    Spells: 2/3 levels left

rFire    . . .     SeeInvis .   d - +0 whip
rCold    . . .     Faith    .   (shield restricted)
rNeg     . . .     Spirit   .   c - +0 robe
rPois    .         Reflect  .   (no helmet)
rElec    .         Harm     .   (no cloak)
rCorr    .         Rampage  .   (no gloves)
MR       .....                  (no boots)
Stlth    ++........             (no amulet)
HPRegen  0.03/turn              (no ring)
MPRegen  0.08/turn              (no ring)

@: no status effects
A: small, mutation resistance 1
a: no special abilities


You were on level 1 of the Dungeon.
You visited 1 branch of the dungeon, and saw 2 of its levels.

You collected 48 gold pieces.

Inventory:

Hand Weapons
 d - a +0 whip (weapon)
Missiles
 b - 24 stones (quivered)
 e - 8 atropa-tipped darts
Armour
 c - a +0 robe (worn)
Scrolls
 a - 2 scrolls of magic mapping {unknown}
 g - a scroll of blinking {unknown}
 h - a scroll of fog {unknown}
Potions
 f - a potion of might {unknown}


   Skills:
 - Level 2.1 Dodging
 - Level 2.1 Stealth
 - Level 1.5 Spellcasting
   Level 0.5 Transmutations
 + Level 3.3 Earth Magic


You had 2 spell levels left.
You knew the following spells:

 Your Spells              Type           Power        Failure   Level
a - Sandblast             Erth           #.....       7%          1

Your spell library contained the following spells:

 Spells                   Type           Power        Failure   Level
 Passwall                 Tmut/Erth      #.......     19%         2
 Stone Arrow              Conj/Erth      #.....       38%         3
 Petrify                  Tmut/Erth      #.......     77%         4
 Lee's Rapid Deconstruct  Erth           #.........   88%         5


Dungeon Overview and Level Annotations

Branches:
Dungeon (2/15)

Altars:


Innate Abilities, Weirdness & Mutations

You are small and have problems with some larger weapons.
You are somewhat resistant to further mutation.


Message History

You kill the rat!
b - 28 stones
a - 2 scrolls labeled VEGEKEDGHOPSU (gained 1)
You see here a ball python corpse.
Found 14 gold pieces.
You now have 30 gold pieces (gained 14).
You see here a ball python corpse.
Found a whip and 8 atropa-tipped darts.
You see here a whip.
d - a +0 whip (weapon)
You see here 8 atropa-tipped darts.
e - 8 atropa-tipped darts
Found 18 gold pieces.
You now have 48 gold pieces (gained 18).
Found a glowing coppery potion and a scroll labeled ONAALILASK.
f - a glowing coppery potion
g - a scroll labeled ONAALILASK A bat comes into view.
Found a scroll labeled KETETO OSHED.
The bat hits you but does no damage. The bat completely misses you.
You miss the bat. The bat closely misses you. The bat hits you. x2
You see here a scroll labeled KETETO OSHED.
h - a scroll labeled KETETO OSHED The bat closely misses you.
The bat hits you. The bat closely misses you.
You miss the bat. The bat hits you but does no damage. x2
You barely miss the bat. The bat hits you but does no damage.
You barely miss the bat. The bat barely misses you. x2
You miss the bat. The bat completely misses you. The bat barely misses you.
You barely miss the bat. The bat hits you. The bat misses you.
You closely miss the bat. The bat hits you but does no damage.
You hit the bat but do no damage. The bat hits you but does no damage.
You hit the bat.
The bat is moderately wounded.
The bat closely misses you. The bat hits you but does no damage.
The bat hits you but does no damage.
You closely miss the bat.
The bat is moderately wounded.
The bat hits you. The bat misses you. The bat barely misses you.
You barely miss the bat.
The bat is moderately wounded.
The bat barely misses you. The bat completely misses you. The bat misses you.
You completely miss the bat.
The bat is moderately wounded.
The bat misses you. The bat barely misses you. The bat misses you.
The bat barely misses you.
You hit the bat.
You kill the bat!
Found a stone staircase leading down.
You see here a bat corpse.
A hobgoblin comes into view. It is wielding a +0 club.
Casting: Sandblast (safe; 7% risk of failure)
Confirm with . or Enter, or press ? or * to list all spells.
Aiming: Sandblast (safe; 7% risk of failure)
Press: ? - help, Shift-Dir - straight line, f - hobgoblin
Aim: a hobgoblin, wielding a +0 club (asleep)
The blast of sand hits the hobgoblin!
You kill the hobgoblin!
b - 27 stones
There is a stone staircase leading down here.
You climb downwards. 3 gnolls come into view.
Found 15 arrows.
There is a stone staircase leading up here.
Casting: Sandblast (safe; 7% risk of failure)
Confirm with . or Enter, or press ? or * to list all spells.
Aiming: Sandblast (safe; 7% risk of failure)
Press: ? - help, Shift-Dir - straight line, f - gnoll
Aim: a gnoll (asleep)
The blast of sand hits the gnoll!
The gnoll is heavily wounded.
The gnoll shouts!
b - 26 stones The gnoll shouts! x2
Something unseen opens the door.
The gnoll hits you!
Ouch! That really hurt!
* * * LOW HITPOINT WARNING * * *
You climb upwards.
There is a stone staircase leading down here.
Casting: Sandblast (safe; 7% risk of failure)
Confirm with . or Enter, or press ? or * to list all spells.
Aiming: Sandblast (safe; 7% risk of failure)
Press: ? - help, Shift-Dir - straight line, f - gnoll
Aim: a gnoll (heavily wounded)
The blast of sand misses the gnoll.
b - 25 stones The gnoll closely misses you.
Casting: Sandblast (safe; 7% risk of failure)
Confirm with . or Enter, or press ? or * to list all spells.
Aiming: Sandblast (safe; 7% risk of failure)
Press: ? - help, Shift-Dir - straight line, f/p - gnoll
Aim: a gnoll (heavily wounded)
The blast of sand misses the gnoll.
b - 24 stones The gnoll hits you.
You die...

#.#############.
#.........†.##..
###########.##.#
#..#.# ##.#.#
#.#.# #...#
##########g.#
+.^..).....@#
#############


You could see a gnoll.

Vanquished Creatures
  A ball python (D:1)
  A bat (D:1)
  A hobgoblin (D:1)
  A rat (D:1)
4 creatures vanquished.

Notes
Turn   | Place    | Note
-------+----------+-------------------------------------------
     0 | D:1      | EnegeticOcto the Halfling Earth Elementalist began the
                  | quest for the Orb.
     0 | D:1      | Reached XP level 1. HP: 11/11 MP: 3/3
   170 | D:1      | Slain by a gnoll

Illustrated notes

Levels and vault maps discovered:
D:1:      onia_arrival_mini_maze, layout_basic
D:2:      layout_basic, nicolae_ru_great_annihilating_truth,
          fiery_altar_vehumet, minmay_misc_feat_diagonals

Action                   || total
-------------------------++-------
Melee: Whip              ||    13
 Cast: Sandblast         ||     6
Armor: Robe              ||     8
Dodge: Dodged            ||    20

Table legend: (Time is in decaauts)
 A = Elapsed time spent in this place.
 B = Non-inter-level travel time spent in this place.
 C = Inter-level travel time spent in this place.
 D = Time resting spent in this place.
 E = Time spent auto-exploring this place.
 F = Levels seen in this place.
 G = Mean time per level.
                   A        B        C        D        E       F      G
               +--------+--------+--------+--------+--------+-----+--------+
         Total |    171 |    171 |      0 |      0 |      0 |   2 |   85.5 |
       Dungeon |    171 |    171 |      0 |      0 |      0 |   2 |   85.5 |
               +--------+--------+--------+--------+--------+-----+--------+

Top non-repeatable levels by time:
     D:1: 168 daAuts
     D:2: 2 daAuts
